Map: Tours du crépuscule

Players

JoyRider

  • Race: Zerg Zerg
  • League: Diamond

Worming - Winner!

  • Race: Zerg Zerg
  • League: Diamond

VOD

Have the link to the VOD?

Description

Time

  • Played on: Nov. 12, 2015, 2:20 p.m.
  • Length: 12:44
Show
View Real Time Build Order
Export as new Build Order

JoyRider Zerg 

Build Orders: Hatch First 

Get SALT Encoding   

  12  0:01  Drone  
  13  0:12  Overlord  
  13  0:17  Drone  
  14  0:30  Drone x2  
  17  0:35  Drone  
  17  0:45  Drone  
  18  0:55  Drone  
  19  1:00  Hatchery  
  18  1:07  Drone  
  19  1:15  Extractor  
  18  1:20  Drone, Spawning Pool  
  18  1:30  Drone  
  19  1:42  Drone  
  20  1:50  Drone  
  21  2:01  Overlord  
  21  2:11  Queen  
  21  2:13  Queen  
  25  2:16  Metabolic Boost  
  25  2:20  Zergling x4  
  27  2:26  Zergling x2  
  28  2:32  Zergling x2  
  29  2:40  Baneling Nest  
  28  2:44  Drone x2  
  28  2:47  Queen  
  32  3:00  Spine Crawler  
  32  3:04  Queen  
  33  3:18  Zergling x2  
  33  3:19  Overlord  
  34  3:25  Drone x2, Overlord  
  36  3:37  Drone  
  36  3:38  Drone x6  
  43  3:46  Lair  
  42  3:57  Zergling x2, Extractor  
  42  3:58  Baneling x2  
  42  4:03  Drone x3, Overlord  
  45  4:10  Roach Warren  
  44  4:19  Drone  
  44  4:20  Drone, Overlord  
  46  4:38  Baneling  
  46  4:39  Zergling x4  
  46  4:40  Hatchery  
  46  4:41  Drone x3  
  46  4:45  Extractor  
  47  5:00  Glial Reconstitution  
  43  5:10  Roach  
  43  5:11  Roach x7  
  59  5:18  Overlord, Roach  
  60  5:29  Roach  
  60  5:30  Roach  
  60  5:33  Roach  
  60  5:34  Roach  
  68  5:36  Overlord  
  66  5:45  Roach x3  
  72  5:55  Drone x2  
  74  5:57  Drone  
  74  6:00  Evolution Chamber  
  74  6:06  Drone  
  74  6:08  Drone x4  
  79  6:13  Drone  
  79  6:14  Drone  
  81  6:22  Drone, Extractor  
  81  6:23  Drone x2  
  81  6:25  Zerg Missile Weapons Level 1  
  83  6:28  Drone x2  
  83  6:29  Drone x2  
  87  6:42  Overlord x2, Roach  
  89  6:47  Drone, Overlord  
  89  6:49  Evolution Chamber  
  89  6:53  Drone  
  89  6:54  Overlord  
  90  7:00  Roach  
  90  7:01  Roach x4  
  100  7:02  Roach  
  100  7:05  Overlord  
  102  7:16  Drone  
  102  7:21  Drone x3, Hatchery  
  105  7:26  Zerg Ground Armor Level 1  
  105  7:34  Drone x2  
  105  7:37  Drone x2, Extractor  
  106  7:38  Roach x3  
  106  7:40  Overlord  
  114  7:55  Roach  
  114  7:56  Roach x3  
  114  8:06  Roach x9  
  120  8:20  Roach  
  120  8:21  Roach x4  
  120  8:25  Roach x2  
  130  8:27  Overlord  
  130  8:28  Overseer, Overlord  
  130  8:32  Roach  
  130  8:33  Roach  
  128  8:35  Roach x2  
  128  8:44  Queen, Roach x2  
  126  8:54  Roach x3  
  114  8:57  Roach x3  
  114  9:00  Roach x3  
  110  9:04  Roach  
  110  9:14  Roach  
  110  9:15  Roach x3  
  116  9:17  Roach x2  
  120  9:25  Zerg Missile Weapons Level 2, Roach x2  
  124  9:31  Roach  
  126  9:42  Roach  
  126  9:43  Roach  
  130  9:50  Overseer  
  130  9:57  Roach  
  132  10:05  Roach  
  132  10:06  Roach x11  
  148  10:18  Roach  
  138  10:26  Roach x3  
  138  10:27  Overseer  
  128  10:36  Roach  
  128  10:37  Roach x3  
  136  10:48  Roach x2  
  136  10:49  Roach  
  118  10:55  Roach, Hatchery  
  118  10:56  Roach x6  
  107  11:03  Roach x2  
  111  11:13  Roach x3  
  91  11:34  Roach x2  
  89  11:44  Roach x3  
  89  11:45  Roach x6  
  107  11:55  Roach x2  
  111  12:05  Roach x6  
  108  12:21  Roach  
Show
View Real Time Build Order
Export as new Build Order

Worming Zerg - Winner!

Build Orders: Hatch First, Lurkers 

Get SALT Encoding   

  12  0:01  Drone  
  13  0:12  Overlord  
  13  0:17  Drone  
  14  0:32  Drone x2  
  14  0:35  Drone  
  17  0:45  Drone  
  18  0:57  Hatchery  
  17  0:59  Drone  
  17  1:02  Extractor  
  17  1:17  Drone, Spawning Pool  
  17  1:18  Drone  
  18  1:30  Drone  
  19  1:39  Overlord  
  19  2:03  Queen  
  19  2:04  Zergling x4  
  19  2:07  Metabolic Boost  
  23  2:10  Queen  
  25  2:19  Drone x2  
  27  2:27  Baneling Nest  
  27  2:29  Drone x2  
  28  2:33  Overlord  
  28  2:50  Drone x3  
  31  3:00  Roach Warren  
  30  3:10  Zergling x6  
  30  3:11  Zergling x2  
  34  3:17  Spine Crawler  
  34  3:19  Spine Crawler  
  32  3:21  Overlord  
  32  3:28  Baneling  
  32  3:29  Baneling x3  
  32  3:40  Roach x4  
  40  3:53  Drone x6  
  45  4:18  Hatchery  
  45  4:21  Drone x5  
  49  4:26  Evolution Chamber  
  48  4:35  Zergling x2  
  49  4:38  Drone x2  
  49  4:39  Overlord  
  49  4:40  Overlord  
  47  5:15  Drone x9  
  56  5:24  Zerg Missile Weapons Level 1  
  55  5:34  Extractor  
  54  5:47  Lair  
  54  5:48  Drone x3  
  55  5:54  Drone x7, Extractor  
  61  6:03  Queen x2  
  65  6:06  Extractor  
  65  6:07  Drone x2  
  65  6:08  Drone  
  65  6:11  Drone x3, Extractor  
  69  6:12  Overlord x2  
  69  6:28  Overlord x2  
  69  6:38  Queen  
  71  6:47  Hydralisk Den, Glial Reconstitution  
  71  6:51  Extractor  
  71  6:52  Roach  
  71  6:53  Roach x10  
  91  7:02  Overseer  
  91  7:03  Pneumatized Carapace  
  91  7:07  Drone  
  91  7:08  Drone x3  
  94  7:09  Drone x2, Overlord x3  
  94  7:10  Overlord  
  97  7:24  Overlord x3  
  97  7:25  Lurker Den  
  97  7:27  Overlord  
  97  7:30  Zergling x2  
  97  7:31  Zergling x8  
  102  7:46  Roach  
  102  7:47  Hatchery, Roach x9  
  112  8:03  Roach  
  112  8:04  Roach x5  
  110  8:13  Hydralisk  
  110  8:14  Hydralisk x5  
  110  8:19  Roach  
  108  8:36  Zerg Missile Weapons Level 2  
  104  8:54  Roach  
  104  8:55  Roach x8  
  106  9:07  Muscular Augments  
  106  9:12  Roach x8  
  106  9:13  Roach x2  
  124  9:17  Lurker  
  124  9:18  Lurker x3  
  128  9:24  Zergling x2  
  128  9:25  Zergling x4  
  131  9:32  Hydralisk x5  
  131  9:33  Zergling x4  
  133  10:11  Roach x6  
  133  10:12  Roach x11  
  149  10:29  Roach x5  
  149  10:30  Roach x4  
  141  10:51  Roach x5  
  145  10:57  Hydralisk  
  145  11:03  Burrow  
  147  11:04  Ravager  
  147  11:05  Ravager  
  147  11:06  Ravager  
  147  11:08  Zergling x6  
  153  11:12  Overlord x2  
  153  11:14  Hatchery  
  136  11:44  Lurker  
  136  11:46  Hydralisk x3  
  136  11:47  Hydralisk x2  
  139  11:48  Roach x5  
  139  11:50  Queen x2  
  161  12:00  Hydralisk x3  
  164  12:09  Extractor  
  164  12:11  Extractor  
  161  12:16  Hatchery  
Tags
 
Add a new tag
Caveats
  • Supply blocks, unpowered buildings, or Contaminate may cause inaccurate times.
  • Supply counts are checked every 10 seconds.